 Dungeon Crawl Stone Soup version 0.30-a0-672-gc3a7216ad8 (webtiles) character file.

Game seed: 14327212139690320835

567 benadryl the Grasshopper (level 7, 0/55 HPs)
             Began as a Barachi Warper on Jan 18, 2023.
             Was an Initiate of Ashenzari.
             Slain by an orc
             ... wielding a +0 mace
              (4 damage)
             ... on level 5 of the Dungeon.
             The game lasted 00:17:25 (5777 turns).

benadryl the Grasshopper (Barachi Warper)           Turns: 5777, Time: 00:17:26

Health: 0/55       AC:  8    Str: 13    XL:     7   Next: 33%
Magic:  13/13      EV: 11    Int: 13    God:    Ashenzari [......]
Gold:   263        SH:  0    Dex: 13    Spells: 14/14 levels left

rFire   + . .      SeeInvis .    a - +0 falchion
rCold   . . .      Faith    .    (no shield)
rNeg    . . .      Spirit   .    h - +0 ring mail {Will+}
rPois   +          Reflect  .    s - +0 helmet
rElec   +          Harm     .    w - +0 cloak
rCorr   .          Rampage  .    j - +0 pair of gloves
Will    +....                    (no boots)
Stlth   +                        (no amulet)
HPRegen 0.29/turn                l - ring "Ezaom Wool" {rElec rPois rF+}
MPRegen 0.13/turn                p - ring of wizardry

@: brilliant, unable to hop, slow
A: amphibious, slowness 1, strong legs 1, +LOS
a: Hop, Renounce Religion


You were on level 5 of the Dungeon.
You worshipped Ashenzari.
Ashenzari was noncommittal.
You visited 2 branches of the dungeon, and saw 6 of its levels.

You collected 263 gold pieces.

Inventory:

Hand Weapons
 a - a +0 falchion (weapon)
 m - a +1 dagger of venom
Missiles
 d - 5 boomerangs of dispersal (quivered)
Armour
 b - a +0 leather armour
 h - a +0 ring mail of willpower (worn)
 j - a +0 pair of gloves (worn)
 s - a +0 helmet (worn)
 w - a +0 cloak (worn)
Jewellery
 c - a ring of protection from cold
 e - a ring of positive energy
 l - the ring "Ezaom Wool" (left hand) {rElec rPois rF+}
   (You acquired it on level 5 of the Dungeon)

   [ring of protection from fire]

   rF:        It protects you from fire.
   rElec:     It insulates you from electricity.
   rPois:     It protects you from poison.
 p - a ring of wizardry (right hand)
 q - a +4 ring of protection
 x - a ring of ice
 y - a ring of willpower
Wands
 t - a wand of digging (2)
Scrolls
 i - a scroll of enchant weapon {unknown}
 k - a scroll of torment {unknown}
 n - a scroll of fog {unknown}
 o - a scroll of amnesia {unknown}
 u - a scroll of vulnerability {unknown}
 v - 2 scrolls of enchant armour {unknown}
 B - a scroll of teleportation {unknown}
 C - a scroll of immolation {unknown}


   Skills:
 - Level 4.8 Fighting
 - Level 5.0 Long Blades
 - Level 1.0 Throwing
 - Level 1.2 Armour
 - Level 2.1 Dodging
 * Level 4.2 Spellcasting
 + Level 5.6 Translocations


You had 14 spell levels left.
You didn't know any spells.
Your spell library contained the following spells:

 Spells                   Type           Power      Damage    Failure   Level
 Blink                    Tloc           52%        N/A       2%          2
 Lesser Beckoning         Tloc           52%        N/A       2%          2
 Teleport Other           Tloc           26%        N/A       4%          3
 Momentum Strike          Conj/Tloc      30%        3d8       9%          2
 Vhi's Electric Charge    Tloc/Air       30%        N/A       16%         3
 Manifold Assault         Tloc           26%        N/A       16%         4
 Foxfire                  Conj/Fire      16%        2x1d4     17%         1
 Frozen Ramparts          Ice            8%         1d2       45%         3
 Ice Form                 Ice/Tmut       4%         N/A       83%         4
 Summon Ice Beast         Ice/Summ       4%         N/A       83%         4
 Fireball                 Conj/Fire      2%         3d4       99%         5
 Starburst                Conj/Fire      2%         6d3       100%        6


Dungeon Overview and Level Annotations

Branches:
Dungeon (5/15)             Temple (1/1) D:5

Altars:
Ashenzari
Dithmenos
Fedhas
Hepliaklqana
Nemelex Xobeh
Okawaru
Trog
Vehumet
Zin

Annotations:
D:5 2 transporters, Prince Ribbit


Innate Abilities, Weirdness & Mutations

You are amphibious.
You cover ground slowly.
You can hop short distances.
You have an extended range of vision and can be seen from far away.


Message History

You completely miss the orc.
The orc is heavily wounded.
The orc hits you with a +0 short sword.
The orc priest mumbles some strange prayers to Beogh against you.
Beogh smites you!
* * * LOW HITPOINT WARNING * * *
The orc closely misses you.
You feel better. The orc closely misses you.
The orc priest hits you with a +0 hand axe.
The orc misses you.
You hit the orc priest.
The orc priest is severely wounded.
The orc hits you but does no damage.
The orc priest miscasts a cantrip.
The orc hits you but does no damage.
You barely miss the orc priest.
The orc priest is severely wounded.
The orc hits you but does no damage.
The orc priest invokes the aid of Beogh against you.
Beogh smites you!
* * * LOW HITPOINT WARNING * * *
The orc hits you with a +0 mace.
* * * LOW HITPOINT WARNING * * *
It was a potion of brilliance.
You feel clever all of a sudden. The orc hits you but does no damage.
The orc closely misses you.
The orc priest looks encouraged for a moment.
Okay, then.
Okay, then.
Hop to where?
Press: ? - help, Dir - move target Boing!
You hit the orc priest.
You kill the orc priest!
Found a transporter.
The orc attacks as you move away! The orc closely misses you.
The orc hits you with a +0 mace.
* * * LOW HITPOINT WARNING * * *
The orc attacks as you move away! The orc hits you with a +0 mace.
You die...

..#....#.......#.#.....#.#...#...
..#....#)......#..#...#..#...#...
..#....))......#©........#...+...
..#....#.......#..#?..#..#...#...
###....##......#.#..©..#.#.######
........#......#Oc.......#.,*
........#......##8y....8#*,,*
........#......o#########,,,*
........#.....#o@...©....,,,*
........#....)###+#...##.,,,*
###..##.#.).........,..#,,,,*
###'##*####)##......,,,#,,,,*
.#...#,,,,...*......,,,*+********
.#...#,,,....#......,,,,,,,,,,,,,
.#...#,,.....#......,,,,,,....,,,
.#...#,......#......,,,........,,
.#...#.......########**........,,


You could see a two-headed ogre, a centaur, a killer bee and 2 orcs.

Vanquished Creatures
  A black bear (D:5)
  Blork the orc (D:5)
  2 scorpions
  A hound (D:3)
  An orc priest (D:5)
  An orc wizard (D:4)
  2 iguanas (D:5)
  Robin (D:2)
  4 adders
  A white imp (D:5)
  2 worms (D:2)
  A dart slug (D:3)
  11 orcs
  An endoplasm (D:3)
  3 giant cockroaches
  21 goblins
  12 hobgoblins
  6 jackals
  2 quokkas
  6 ball pythons
  6 bats
  3 frilled lizards
  7 kobolds
  A rat (D:1)
97 creatures vanquished.

Notes
Turn   | Place    | Note
-------+----------+-------------------------------------------
     0 | D:1      | benadryl the Barachi Warper began the quest for the Orb.
     0 | D:1      | Reached XP level 1. HP: 17/17 MP: 3/3
   202 | D:1      | Reached XP level 2. HP: 17/23 MP: 5/5
  1004 | D:1      | Reached XP level 3. HP: 20/29 MP: 6/6
  1194 | D:2      | Noticed Robin
  1660 | D:2      | Killed Robin
  1890 | D:2      | Reached XP level 4. HP: 16/35 MP: 7/7
  2077 | D:2      | Identified the +1 ring mail "Ziamo" {Stlth+}
  2381 | D:3      | Found a radiant altar of Vehumet.
  2419 | D:3      | Found a blossoming altar of Fedhas.
  2450 | D:3      | Reached skill level 5 in Long Blades
  2703 | D:3      | Reached XP level 5. HP: 22/42 MP: 8/8
  3774 | D:4      | Reached XP level 6. HP: 37/49 MP: 9/9
  4026 | D:5      | Entered Level 5 of the Dungeon
  4031 | D:5      | Identified a scroll of acquirement
  4072 | D:5      | Found a shadowy altar of Dithmenos.
  4073 | D:5      | Found an iron altar of Okawaru.
  4073 | D:5      | Noticed a two-headed ogre
  4074 | D:5      | Found a bloodstained altar of Trog.
  4077 | D:5      | Found a transporter.
  4341 | D:5      | Noticed a black bear
  4361 | D:5      | Killed a black bear
  4362 | D:5      | Reached skill level 5 in Translocations
  4499 | D:5      | Reached XP level 7. HP: 55/55 MP: 10/12
  4570 | D:5      | Noticed Blork the orc
  4583 | D:5      | Killed Blork the orc
  4812 | D:5      | Found a staircase to the Ecumenical Temple.
  4823 | Temple   | Entered the Ecumenical Temple
  4868 | Temple   | Became a worshipper of Ashenzari the Shackled
  4963 | D:5      | Noticed Prince Ribbit
  5327 | D:5      | Acquired the ring "Ezaom Wool" {rElec rPois rF+}
  5774 | D:5      | Found a transporter.
  5777 | D:5      | Slain by an orc

Illustrated notes

Levels and vault maps discovered:
D:1:      nicolae_arrival_washed_ashore, layout_basic,
          minmay_misc_feat_more_columns, skrybe_limestone_x, due_unseen_surprise
D:2:      layout_rooms, uniq_robin
D:3:      kennysheep_big_flooded_room, layout_rooms,
          nicolae_vehumet_altar_sigil, fedhas_altar_2
D:4:      layout_loops_corners, minivault_25
D:5:      layout_gridville, gammafunk_temple_overflow_arena,
          minmay_temple_entry_gardened_gates, uniq_prince_ribbit1,
          uniq_blork_the_orc
Temple:   minmay_temple_curvy_branch

Skill      XL: |  1  2  3  4  5  6  7 |
---------------+----------------------+-----
Long Blades    | 3 4 5 |  5.0
Fighting       | 3 4 |  4.8
Translocations | 4 5 |  5.6
Spellcasting   | 3 4 |  4.2
Throwing       | |  1.0
Armour         | |  1.2
Dodging        | |  2.1

Action                   |  1- 3 |  4- 6 |  7- 9 || total
-------------------------+-------+-------+-------++-------
Melee: Falchion          |   153 |   207 |    72 ||   432
       Punch             |     2 |     1 |     2 ||     5
Throw: Boomerang         |       |     2 |       ||     2
 Abil: Hop               |     1 |     1 |     3 ||     5
  Use: Potion            |     1 |     4 |     3 ||     8
       Scroll            |     1 |     6 |     2 ||     9
Armor: Leather armour    |    13 |       |       ||    13
       Ring mail         |    50 |   105 |    33 ||   188
Dodge: Dodged            |   101 |   144 |    49 ||   294

Table legend: (Time is in decaauts)
 A = Elapsed time spent in this place.
 B = Non-inter-level travel time spent in this place.
 C = Inter-level travel time spent in this place.
 D = Time resting spent in this place.
 E = Time spent auto-exploring this place.
 F = Levels seen in this place.
 G = Mean time per level.
                   A        B        C        D        E       F      G
               +--------+--------+--------+--------+--------+-----+--------+
         Total |   6429 |   5734 |    695 |   1954 |   2708 |   6 | 1071.5 |
       Dungeon |   6346 |   5659 |    687 |   1954 |   2640 |   5 | 1269.2 |
        Temple |     83 |     76 |      7 |      0 |     68 |   1 |   83.0 |
               +--------+--------+--------+--------+--------+-----+--------+

Top non-repeatable levels by time:
     D:4: 1592 daAuts
     D:1: 1577 daAuts
     D:5: 1450 daAuts
     D:2: 930 daAuts
     D:3: 794 daAuts
  Temple: 83 daAuts
